 Dungeon Crawl Stone Soup version 0.29.1 (webtiles) character file.

Game seed: 2117714643428975762

1607 qw the Cleaver (level 8, 0/49 HPs)
             Began as a Gargoyle Fighter on Sept 13, 2022.
             Was a Follower of Okawaru.
             Slain by Joseph
             ... wielding a +0 quarterstaff of draining
              (8 damage)
             ... on level 7 of the Dungeon.
             The game lasted 00:02:09 (7066 turns).

qw the Cleaver (Gargoyle Fighter)                   Turns: 7066, Time: 00:02:09

Health: 0/49       AC: 24    Str: 27    XL:     8   Next: 95%
Magic:  10/11      EV:  9    Int:  8    God:    Okawaru [*.....]
Gold:   201        SH:  6    Dex: 13    Spells: 7/7 levels left

rFire   . . .      SeeInvis .   Y - +0 war axe
rCold   . . .      Faith    .   c - +0 buckler
rNeg    + + .      Spirit   .   j - +0 plate armour
rPois   inf        Reflect  .   (no helmet)
rElec   +          Harm     .   (no cloak)
rCorr   .          Rampage  .   l - +1 pair of gloves
Will    .....                   a - +0 pair of boots
Stlth   ..........              (no amulet)
HPRegen 0.16/turn               f - ring of positive energy
MPRegen 0.12/turn               m - +6 ring of strength

@: heroic, flying
A: sickness immunity, AC +5, negative energy resistance 1, electricity
resistance, torment resistance 1, petrification resistance, big wings, agile 1
a: Renounce Religion, Heroism


You were on level 7 of the Dungeon.
You worshipped Okawaru.
Okawaru was aware of your devotion.
You visited 2 branches of the dungeon, and saw 8 of its levels.

You collected 412 gold pieces.
You spent 211 gold pieces at shops.


Innate Abilities, Weirdness & Mutations

You are immune to sickness and miasma.
Your stone body is resilient. (AC +5)
You are immune to poison.
You resist negative energy. (rN+)
You are resistant to electric shocks. (rElec)
You are resistant to unholy torment.
You are immune to petrification.
Your large and strong wings let you fly.
You are agile. (Dex +4, Str/Int -1)


   Skills:
 + Level 5.3(10.3) Fighting
 - Level 8.0(13.0) Axes
 - Level 1.0(6.0) Throwing
 - Level 5.1(10.1) Armour
 - Level 1.0(6.0) Dodging
 - Level 3.2(8.2) Shields
 - Level 4.0 Invocations


You had 7 spell levels left.
You didn't know any spells.
Your spell library was empty.

Inventory:

Hand Weapons
 e - a -3 eveningstar
 Y - a +0 war axe (weapon)
Armour
 a - a +0 pair of boots (worn)
 c - a +0 buckler (worn)
 j - a +0 plate armour (worn)
 l - a +1 pair of gloves (worn)
Jewellery
 f - a ring of positive energy (left hand)
 m - a +6 ring of strength (right hand)
Scrolls
 b - a scroll of blinking
 k - 3 scrolls of identify
Potions
 d - 5 potions of might
 g - 3 potions of haste
 h - 4 potions of mutation
 i - 4 potions of curing
 n - a potion of magic

Dungeon Overview and Level Annotations

Branches:
Dungeon (7/15)             Temple (1/1) D:5

Altars:
Ashenzari
Cheibriados
Dithmenos
Elyvilon
Fedhas
Gozag
Kikubaaqudgha
Makhleb
Nemelex Xobeh
Okawaru
Qazlal
Ru
Sif Muna
Trog
Uskayaw
Vehumet
Wu Jian
Xom
Yredelemnul
The Shining One

Shops:
D:4 ?   D:6 *

Annotations:
D:5 4 runed translucent doors, Crazy Yiuf; qw's ghost, novice MiBe
D:6 1 runed translucent door, qw's ghost, novice GrFi
D:7 Joseph


Message History

Joseph hits you but does no damage.
You slash Joseph!
Joseph is lightly wounded.
Joseph completely misses you.
You hit Joseph.
Joseph is lightly wounded.
You block Joseph's attack.
You slash Joseph!
Joseph is moderately wounded.
Joseph hits you with a +0 quarterstaff of draining!
7057 ||| INVOKING Heroism.
You gain the combat prowess of a mighty hero.
Joseph hits you but does no damage.
You slash Joseph!
Joseph is heavily wounded.
Joseph hits you with a +0 quarterstaff of draining.
You closely miss Joseph.
Joseph is heavily wounded.
Joseph hits you with a +0 quarterstaff of draining!
You slash Joseph!
Joseph is severely wounded.
Joseph completely misses you.
You closely miss Joseph.
Joseph is severely wounded.
You block Joseph's attack.
You hit Joseph.
Joseph is severely wounded.
Joseph hits you with a +0 quarterstaff of draining.
You barely miss Joseph.
Joseph is severely wounded.
Joseph hits you with a +0 quarterstaff of draining.
You slash Joseph!
Joseph is severely wounded.
You hit Joseph but do no damage.
Joseph is severely wounded.
Joseph hits you with a +0 quarterstaff of draining!
You slash Joseph!
Joseph is almost dead.
Joseph hits you with a +0 quarterstaff of draining!
You die...

######### ###########
#.......## ...........
#.#.###..##
###.#.####.##.####....##...###
#.....# #......@............#
#.....# ##....@##...........##
#.....# ##...# #.#.##.......#
#..<..# ##.# #.........#..#
#.....# #. ###.##...##..#
#.###.# # #.##.>###..# ......#
#.##).# #..# #[#####
#.##..###..# #.#...#
#..........#


You could see Joseph.

Vanquished Creatures
  2 ice beasts (D:6)
  A black bear (D:5)
  A centaur (D:7)
  A necrophage (D:5)
  A bullfrog (D:7)
  7 scorpions
  5 howler monkeys
  3 jellies (D:6)
  2 hounds (D:6)
  3 iguanas
  A gnoll bouda (D:6)
  2 orc wizards
  7 gnolls
  5 adders
  2 shadow imps
  A dart slug (D:1)
  11 orcs
  4 endoplasms
  A giant cockroach (D:1)
  14 hobgoblins
  9 kobolds
  2 quokkas
  9 ball pythons
  7 bats
  6 frilled lizards
  10 goblins
  6 rats
123 creatures vanquished.

Notes
Turn   | Place    | Note
-------+----------+-------------------------------------------
     0 | D:1      | qw the Gargoyle Fighter began the quest for the Orb.
     0 | D:1      | Reached XP level 1. HP: 14/14 MP: 1/1
     0 | D:1      | 0 ||| qw: Version: 0.1-a-119-g272c26d
     0 | D:1      | 0 ||| qw: Game counter: 11236
     0 | D:1      | 0 ||| qw: Always use a shield: true
     0 | D:1      | 0 ||| qw: God list: Okawaru
     0 | D:1      | 0 ||| qw: Allow faded altars: false
     0 | D:1      | 0 ||| qw: Do Orc after D:15 true
     0 | D:1      | 0 ||| qw: Do second Lair branch before Depths: true
     0 | D:1      | 0 ||| qw: Lair rune preference: random
     0 | D:1      | 0 ||| qw: Plans: Normal, Zot, God:TSO, Crypt, Tomb, Pan,
                  | Slime, Hells, Zig, Abyss, Orb
     0 | D:1      | 0 ||| PLANNING D:1-11
    94 | D:1      | Reached skill level 2 in Axes
   322 | D:1      | Reached XP level 2. HP: 19/19 MP: 2/2
   694 | D:1      | 694 ||| Stepping ~*~*~tactically~*~*~ (hiding).
   704 | D:1      | Reached skill level 3 in Axes
   752 | D:1      | Reached XP level 3. HP: 21/23 MP: 3/3
   905 | D:1      | 905 ||| UPGRADING to +0 plate armour.
   915 | D:1      | 915 ||| DROPPING +0 scale mail.
   916 | D:1      | 916 ||| UPGRADING to +0 pair of gloves.
   921 | D:1      | 921 ||| DROPPING ring of flight.
   922 | D:1      | 922 ||| READING scroll labelled FASHRO UJUIJ.
   923 | D:1      | 923 ||| READING scroll labelled SUECE REWITEIPN.
   924 | D:1      | 924 ||| READING 3 scrolls labelled WIOTAU ATTE.
   925 | D:1      | 925 ||| READING scroll labelled CIDIATH NAHI.
   926 | D:1      | 926 ||| DRINKING 2 pink potions.
   927 | D:1      | 927 ||| DRINKING 2 bubbling emerald potions.
   927 | D:1      | Gained mutation: Your large and strong wings let you fly.
                  | [potion of mutation]
   927 | D:1      | Gained mutation: You are agile. (Dex +4, Str/Int -1)
                  | [potion of mutation]
   965 | D:1      | 965 ||| READING 2 scrolls of identify.
   965 | D:1      | 965 ||| IDENTIFYING metallic orange potion
   966 | D:1      | 966 ||| DROPPING potion of brilliance.
  1077 | D:2      | 1077 ||| DROPPING +0 club.
  1143 | D:2      | 1143 ||| Stepping ~*~*~tactically~*~*~ (stealth).
  1144 | D:2      | 1144 ||| Stepping ~*~*~tactically~*~*~ (stealth).
  1175 | D:2      | 1175 ||| Stepping ~*~*~tactically~*~*~ (stealth).
  1222 | D:2      | 1222 ||| Stepping ~*~*~tactically~*~*~ (hiding).
  1223 | D:2      | 1223 ||| Stepping ~*~*~tactically~*~*~ (hiding).
  1246 | D:2      | 1246 ||| Stepping ~*~*~tactically~*~*~ (stealth).
  1304 | D:2      | Found a faded altar of an unknown god.
  1780 | D:2      | 1780 ||| UPGRADING to ring of positive energy.
  1781 | D:2      | 1781 ||| DROPPING ring of wizardry.
  1782 | D:2      | 1782 ||| READING scroll labelled DUFRIM ZOCAERU.
  1783 | D:2      | 1783 ||| READING scroll labelled SIUMOI ZIPH.
  1784 | D:2      | 1784 ||| READING 4 scrolls of identify.
  1784 | D:2      | 1784 ||| IDENTIFYING viscous green potion
  1785 | D:2      | 1785 ||| READING 3 scrolls of identify.
  1785 | D:2      | 1785 ||| IDENTIFYING viscous sapphire potion
  1786 | D:2      | 1786 ||| DROPPING potion of invisibility.
  1787 | D:2      | 1787 ||| DROPPING potion of ambrosia.
  1810 | D:3      | Reached skill level 4 in Axes
  1810 | D:3      | Reached XP level 4. HP: 13/28 MP: 4/4
  2502 | D:3      | Found an opulent altar of Gozag.
  2826 | D:3      | 2826 ||| READING scroll labelled DIYCWI PO NUN.
  2827 | D:3      | 2827 ||| READING scroll labelled OTUACL ZENI.
  2828 | D:3      | 2828 ||| READING 2 scrolls of identify.
  2828 | D:3      | 2828 ||| IDENTIFYING white potion
  3246 | D:4      | Reached XP level 5. HP: 32/32 MP: 5/5
  3301 | D:4      | 3301 ||| DRINKING potion of curing.
  3301 | D:4      | 3301 ||| (to cure confusion)
  3320 | D:4      | Reached skill level 5 in Axes
  3487 | D:4      | 3487 ||| DROPPING +0 whip.
  3739 | D:4      | 3739 ||| STAIRDANCE
  3807 | D:3      | 3807 ||| UPGRADING to +0 pair of boots.
  3812 | D:3      | 3812 ||| READING scroll labelled COGUMOI ETWYMNAMA.
  3857 | D:3      | 3857 ||| READING scroll labelled FAOKAH JUROLLU.
  3945 | D:4      | Found Imakhlan's Magic Scroll Shop.
  3948 | D:4      | 3948 ||| BUYING scroll of blinking (105 gold).
  3948 | D:4      | Bought a scroll of blinking for 105 gold pieces
  3948 | D:4      | 3948 ||| BUYING scroll of enchant armour (105 gold).
  3948 | D:4      | Bought a scroll of enchant armour for 105 gold pieces
  3948 | D:4      | 3948 ||| SHOPLISTING scroll of enchant weapon (105 gold,
                  | have 37).
  3948 | D:4      | 3948 ||| SHOPLISTING scroll of teleportation (42 gold, have
                  | 37).
  3948 | D:4      | 3948 ||| READING scroll of enchant armour.
  3948 | D:4      | 3948 ||| ENCHANTING +0 pair of gloves.
  4612 | D:5      | Entered Level 5 of the Dungeon
  4617 | D:5      | Found a glowing golden altar of the Shining One.
  4656 | D:5      | Reached XP level 6. HP: 39/39 MP: 6/6
  4690 | D:5      | Found a runed translucent door.
  4691 | D:5      | Noticed Crazy Yiuf
  4762 | D:5      | Noticed a black bear
  4769 | D:5      | Reached skill level 1 in Dodging
  4776 | D:5      | Killed a black bear
  4792 | D:5      | 4792 ||| Stepping ~*~*~tactically~*~*~ (stealth).
  4793 | D:5      | 4793 ||| Stepping ~*~*~tactically~*~*~ (stealth).
  4808 | D:5      | Found a runed translucent gate.
  4808 | D:5      | Identified the +0 scale mail of Insurance {+Blink Str+3}
  4809 | D:5      | Found a runed translucent gate.
  4810 | D:5      | Noticed qw's ghost (novice MiBe)
  4810 | D:5      | Found a runed translucent gate.
  4848 | D:5      | Reached XP level 7. HP: 21/44 MP: 7/7
  4862 | D:5      | Reached skill level 6 in Axes
  5115 | D:5      | Found a staircase to the Ecumenical Temple.
  5125 | D:5      | 5125 ||| PLANNING TEMPLE
  5125 | D:5      | 5125 ||| UPGRADING to +6 ring of strength.
  5134 | Temple   | Entered the Ecumenical Temple
  5269 | Temple   | 5269 ||| PLANNING D:1-11
  5291 | Temple   | Became a worshipper of Warmaster Okawaru
  5463 | D:5      | Found a shadowy altar of Dithmenos.
  5697 | D:6      | 5697 ||| STAIRDANCE
  5806 | D:6      | Reached skill level 7 in Axes
  5845 | D:6      | Reached * piety under Okawaru
  5846 | D:6      | Reached XP level 8. HP: 48/49 MP: 8/8
  5862 | D:6      | 5862 ||| Stepping ~*~*~tactically~*~*~ (hiding).
  5865 | D:6      | 5865 ||| INVOKING Heroism.
  5870 | D:6      | 5870 ||| Stepping ~*~*~tactically~*~*~ (hiding).
  5874 | D:6      | Reached skill level 1 in Invocations
  5877 | D:6      | Reached skill level 1 in Throwing
  5879 | D:6      | 5879 ||| INVOKING Heroism.
  5913 | D:6      | 5913 ||| DROPPING +0 flail.
  5991 | D:6      | 5991 ||| INVOKING Heroism.
  6192 | D:6      | Found Ronwy's Lightly-Used Armoury.
  6193 | D:6      | 6193 ||| INVOKING Heroism.
  6235 | D:6      | 6235 ||| SHOPLISTING -2 pearl dragon scales (1170 gold,
                  | have 164).
  6235 | D:6      | 6235 ||| BUYING -3 eveningstar (1 gold).
  6235 | D:6      | Bought a -3 eveningstar for 1 gold piece
  6235 | D:6      | 6235 ||| DROPPING +2 vampiric whip.
  6328 | D:6      | Found a runed translucent door.
  6399 | D:6      | 6399 ||| INVOKING Heroism.
  6484 | D:6      | Reached skill level 8 in Axes
  6605 | D:6      | Reached skill level 3 in Invocations
  6847 | D:6      | Noticed qw's ghost (novice GrFi)
  6849 | D:6      | 6849 ||| DRINKING 2 fuming orange potions.
  6850 | D:6      | 6850 ||| READING 3 scrolls of identify.
  6850 | D:6      | 6850 ||| IDENTIFYING clear potion
  6851 | D:6      | 6851 ||| DROPPING potion of flight.
  6933 | D:7      | 6933 ||| Stepping ~*~*~tactically~*~*~ (stealth).
  6935 | D:7      | 6935 ||| Stepping ~*~*~tactically~*~*~ (stealth).
  7009 | D:7      | 7009 ||| Stepping ~*~*~tactically~*~*~ (hiding).
  7010 | D:7      | 7010 ||| Stepping ~*~*~tactically~*~*~ (hiding).
  7048 | D:7      | Noticed Joseph
  7049 | D:7      | 7049 ||| Stepping ~*~*~tactically~*~*~ (hiding).
  7057 | D:7      | 7057 ||| INVOKING Heroism.
  7065 | D:7      | HP: 7/49 [Joseph/+0 quarterstaff of draining (8)]
  7066 | D:7      | Slain by Joseph

Levels and vault maps discovered:
D:1:      dpeg_arrival_yet_another_circle, layout_loops_ring,
          corexii_item_surrounded_by_moat, minmay_liquid_box
D:2:      layout_basic, hellmonk_ecumenical_altar_heavens_door
D:3:      layout_basic, mainiacjoe_overflow_six_doors_small
D:4:      cheibrodos_greedy_goblins, layout_layer_cave, serial_shops,
          kennysheep_mini_moat
D:5:      layout_basic, mainiacjoe_overflow_paths, grunt_dithmenos_shadows,
          temple_statues, biasface_ghost_orc_armoury, uniq_crazy_yiuf_cottage
D:6:      layout_cave_pods, ebering_ghost_reflecting_pool, minmay_shop_damaged
D:7:      layout_loops_corners, uniq_joseph
Temple:   minmay_temple_bridge_d

Skill      XL: |  1  2  3  4  5  6  7  8 |
---------------+-------------------------+-----
Axes           | 2 3 4 5 7 8 |  8.0
Fighting       | 4 5 |  5.3
Dodging        | 1 |  1.0
Armour         | 4 5 |  5.1
Invocations    | 4 |  4.0
Throwing       | 1 |  1.0
Shields        | |  3.2

Action                   |  1- 3 |  4- 6 |  7- 9 || total
-------------------------+-------+-------+-------++-------
Melee: War axe           |   101 |   140 |   154 ||   395
Throw: Boomerang         |       |       |    12 ||    12
Invok: Heroism           |       |       |     6 ||     6
  Use: Scroll            |     9 |     6 |     1 ||    16
       Potion            |     2 |     1 |     1 ||     4
Armor: Scale mail        |    24 |       |       ||    24
       Plate armour      |    28 |   130 |    96 ||   254
Dodge: Dodged            |    28 |    56 |    39 ||   123
Block: Buckler           |    14 |    27 |    43 ||    84

Table legend:
 A = Non-vault XP
 B = Vault XP
 C = Vault XP percentage of total XP
 D = Non-vault monster count
 E = Vault monster count
 F = Vault count percentage of total count
                 A         B        C        D         E       F
            +---------+---------+-------+---------+---------+-------
      Total |    2265 |      32 |   1.4 |     111 |      12 |   9.8
            +---------+---------+-------+---------+---------+-------
        D:1 |      35 |       0 |   0.0 |      23 |       0 |   0.0
        D:2 |      38 |       0 |   0.0 |      16 |       0 |   0.0
        D:3 |      73 |       0 |   0.0 |      14 |       0 |   0.0
        D:4 |      93 |      21 |  18.4 |      17 |      11 |  39.3
        D:5 |     666 |      11 |   1.6 |      12 |       1 |   7.7
        D:6 |    1053 |       0 |   0.0 |      25 |       0 |   0.0
        D:7 |     307 |       0 |   0.0 |       4 |       0 |   0.0
            +---------+---------+-------+---------+---------+-------
